cohdb
Replays
Latest Replays
All Replays
Popular Replays
Top Player Replays
Match Explorer
How It Works
Community
CoH3 Stats
Reddit
Sign in to upload your games and track your stats! →
Sign in with Steam
Match 43303089
Unlisted
Match 43303089
Overview
Messages
Build Orders
End
Royal Engineer Section
Construct Section Command Post
Selects Air and Sea Battlegroup
Infantry Section
Infantry Section
Infantry Section
Construct Field Infirmary
Construct Platoon Command Post
Selects Commando Section Paradrop
Selects M1 Pack Howitzer Paradrop
Commando Section Paradrop
Selects Supply Surplus
Construct Resource Cache
Construct Company Command Post
Grenade Package
Crusader II Medium Tank
Selects Anti-tank Rocket Loiter
Selects UNKNOWN (223837)
Crusader II Medium Tank
Unlock M3 Grant Medium Tanks
Unlock Bishop Self-propelled Artillery
Royal Engineer Section
compsecmonkey
JarryHead
Nukepapa
x n o i z e
0
0
Comments
sign in to comment!
No comments posted yet!